 Dungeon Crawl Stone Soup version 0.29.1-15-g9cfb28693d (webtiles) character file.

Game seed: 233816694372727377

6076 H0rd4k the Martial Artist (level 10, -1/71 HPs)
             Began as an Octopode Artificer on Mar 7, 2023.
             Was an Initiate of Gozag.
             Slain by a minotaur (18 damage)
             ... in a Gauntlet.
             The game lasted 00:25:51 (15244 turns).

H0rd4k the Martial Artist (Octopode Artificer)     Turns: 15244, Time: 00:25:51

Health: -1/71      AC:  5    Str: 10 (12) XL:     10   Next: 88%
Magic:  28/31      EV: 13    Int: 17 (18) God:    Gozag
Gold:   1275       SH:  0    Dex: 11 (12) Spells: 19/25 levels left

rFire   . . .      SeeInvis .     - Unarmed
rCold   . . .      Faith    .   (no shield)
rNeg    . . .      Spirit   .   (helmet restricted)
rPois   .          Reflect  .   n - amulet of the acrobat
rElec   .          Harm     .   a - +4 ring of protection
rCorr   .          Rampage  .   p - ring of flight
Will    .....      NoTele   +   l - ring of magical power
Stlth   +++.......              (no ring)
HPRegen 0.21/turn               (no ring)
MPRegen 0.22/turn               (no ring)
                                (no ring)
                                (no ring)

@: brilliant, radiating poison, flying
A: almost no armour, amphibious, 8 rings, camouflage 1, gelatinous body 1,
(nimble swimmer 1), tentacles
a: Renounce Religion, Potion Petition, Call Merchant, Bribe Branch


You were in a Gauntlet.
You worshipped Gozag.
Gozag was most pleased with you.
You visited 2 branches of the dungeon, and saw 12 of its levels.
You also visited: Gauntlet.

You collected 2077 gold pieces.
You spent 730 gold pieces at shops.
You paid 72 gold pieces to Gozag.

Inventory:

Hand Weapons
 o - the +3 glaive "Goblinslayer" {vamp, Str+3 Int+4}
   (You bought it in a shop on level 10 of the Dungeon)

   It occasionally heals its wielder for a portion of the damage dealt when it
   wounds a living foe.
   Str:       It affects your strength (+3).
   Int:       It affects your intelligence (+4).
 z - the +9 great sword of Roomn {vorpal, *Rage rElec Int-3 Dex+9}
   (You bought it in a shop on level 10 of the Dungeon)

   It inflicts extra damage upon your enemies.
   Int:       It affects your intelligence (-3).
   Dex:       It affects your dexterity (+9).
   rElec:     It insulates you from electricity.
   *Rage:     It berserks you when you make melee attacks (+20% chance).
Missiles
 r - 2 boomerangs of dispersal (quivered)
 v - 4 curare-tipped darts
 x - a throwing net
 y - 3 poisoned darts
 D - 3 atropa-tipped darts
Jewellery
 a - a +4 ring of protection (left tentacle)
 l - a ring of magical power (on tentacle)
 n - an amulet of the acrobat (around mantle)
 p - a ring of flight (right tentacle)
 q - the ring "Waenan" {rPois Will+}
   (You found it in a Gauntlet)

   [ring of poison resistance]

   rPois:     It protects you from poison.
   Will:      It increases your willpower.
 F - an amulet of magic regeneration
Wands
 c - a wand of charming (1)
 j - a wand of paralysis (6)
 t - a wand of flame (37)
 B - a wand of roots (5)
 C - a wand of polymorph (6)
Scrolls
 b - 2 scrolls of amnesia
 d - a scroll of fog
 e - 5 scrolls of teleportation
 m - 3 scrolls of noise
 u - a scroll of vulnerability
 w - a scroll of magic mapping
Potions
 g - a potion of cancellation
 h - 2 potions of curing
 i - a potion of haste
 k - a potion of flight
 s - 3 potions of attraction


   Skills:
 - Level 7.0 Fighting
 + Level 1.4 Throwing
 - Level 2.3 Dodging
 - Level 1.3 Stealth
 - Level 8.9 Unarmed Combat
 * Level 8.0 Spellcasting
 - Level 8.2 Poison Magic
 - Level 3.2 Evocations


You had 19 spell levels left.
You knew the following spells:

 Your Spells              Type           Power      Damage    Failure   Level
a - Olgreb's Toxic Radia  Pois           51%        N/A       3%          4
b - Poisonous Vapours     Pois/Air       62%        N/A       3%          2

Your spell library contained the following spells:

 Spells                   Type           Power      Damage    Failure   Level
 Sting                    Tmut/Pois      100%       1d8       1%          1
 Ozocubu's Refrigeration  Ice            5%         4d8       100%        7
 Ignition                 Fire           5%         3d4       100%        8


Dungeon Overview and Level Annotations

Branches:
Dungeon (11/15)            Temple (1/1) D:5            Lair (0/5) D:9
    Orc (0/2) D:10        Gauntlet (1/1)

Altars:
Cheibriados
Dithmenos
Elyvilon
Gozag
Kikubaaqudgha
Makhleb
Nemelex Xobeh
Okawaru
Ru
Sif Muna
Trog
Wu Jian
Xom
Yredelemnul
Zin

Shops:
D:9 ?   D:10 ((((:

Annotations:
D:4 exclusion: downstairs, Edmund
D:5 exclusions: 2 downstairs and ice beast
D:6 exclusion: downstairs
D:8 2 runed translucent doors, exclusion: door, McKennaii's ghost, novice DgEE
D:9 exclusion: downstairs
D:10 exclusion: 2 downstairs Gauntlet 6 transporters, exclusion: ice statue


Innate Abilities, Weirdness & Mutations

You cannot wear most types of armour.
You are amphibious.
You can wear up to eight rings at the same time.
Your skin changes colour to match your surroundings (Stealth+).
Your rubbery body absorbs attacks. (AC +1, EV +1)
((You are camouflaged when in or above water. (Stealth+)))
You have tentacles for arms and can constrict up to eight enemies at once.


Message History

Unknown command.
Okay, then.
Unknown command.
Okay, then.
Unknown command.
Aiming: Paralyse
Press: ? - help, Shift-Dir - straight line, f - minotaur
Aim: a minotaur, wearing a +2 ring mail of willpower and quivering silver javelins (chance to affect: 0%)
The minotaur resists with almost no effort.
Unknown command.
Okay, then.
Blink to where?
Press: ? - help, Dir - move target, p - minotaur
As you read the scroll of blinking, it crumbles to dust.
The minotaur throws a silver javelin.
The silver javelin pierces through you!!
You feel better.
Cast which spell? (? or * to list)
You feel a surge of power!
You begin to radiate toxic energy.
The minotaur is poisoned.
The minotaur looks even sicker.
The minotaur throws a silver javelin.
The silver javelin pierces through you!!
* * * LOW HITPOINT WARNING * * *
x2
Okay, then.
As you read the scroll of fear, it crumbles to dust.
You assume a fearsome visage.
The minotaur resists with almost no effort.
As you read the scroll of fog, it crumbles to dust.
The scroll dissolves into smoke.
Your toxic aura wanes.
Casting: Olgreb's Toxic Radiance (dangerous; 3% risk of failure)
Confirm with . or Enter, or press ? or * to list all spells.
You feel a surge of power!
You begin to radiate toxic energy.
The minotaur looks even sicker.
Blink to where?
Press: ? - help, Dir - move target
As you read the scroll of blinking, it crumbles to dust.
The minotaur looks as sick as possible!
The minotaur hits you!!
You die...
Your body crumbles into a pile of gold.

.#.##.##.#..###..#
.........#..#....#
##########..#©...#.
............#........
..........∩.#...H#.#.
.#########..#©...#
.#hh^#.#©#..#.§§§#
.#h#.#.|##..###§§#
##.#.#[!.#..§##§@#
©#.#^©####..###H§#
##.#.^..^#..≈##§§#
.#..####b#..######
.#.....hh#..≈#
.#########..##
............≈#
..§.........##
#§#≈#≈#≈#≈#≈#


You could see a minotaur (extremely poisoned).

Vanquished Creatures
  Pikel (D:5)
  A rime drake (Gauntlet)
  A troll (D:10)
  7 yaks (D:10)
  2 steam dragons (D:8)
  Eustachio (D:5)
  Menkaure (D:4)
  Duvessa (D:6)
  5 orc warriors
  A black bear (D:6)
  A boggart (Gauntlet)
  3 centaurs (D:5)
  A kobold brigand (D:9)
  2 phantoms
  Blork the orc (D:4)
  3 bullfrogs
  A necrophage (D:6)
  3 scorpions
  Dowan (D:6)
  5 killer bees
  3 howler monkeys (D:9)
  An electric eel (D:10)
  5 crimson imps (D:10)
  4 jellies
  2 gnoll boudas
  6 orc priests
  An iguana (D:6)
  12 orc wizards
  2 hound skeletons (D:3)
  A howler monkey zombie (D:3)
  9 adders
  13 gnolls
  3 shadow imps
  5 white imps
  An ufetubus (D:5)
  2 adder zombies (D:3)
  An adder skeleton (D:3)
  5 worms
  A dart slug (D:3)
  76 orcs
  11 ball pythons
  6 endoplasms
  2 giant cockroaches (D:4)
  13 goblins
  12 hobgoblins
  2 jackals (D:4)
  3 quokkas
  A ball python skeleton (D:3)
  3 bats (D:1)
  5 frilled lizards
  A goblin zombie (D:8)
  A jackal skeleton (D:8)
  14 kobolds
  8 rats
277 creatures vanquished.

Vanquished Creatures (collateral kills)
  2 killer bees (D:7)
  An iguana (D:6)
  6 orcs
9 creatures vanquished.

Vanquished Creatures (others)
  Sigmund (D:5)
  A killer bee (D:7)
  An endoplasm (D:1)
  3 bushes (D:2)
  4 plants
  A withered plant (D:3)
11 creatures vanquished.

Grand Total: 297 creatures vanquished

Notes
Turn   | Place    | Note
-------+----------+-------------------------------------------
     0 | D:1      | H0rd4k the Octopode Artificer began the quest for the Orb.
     0 | D:1      | Reached XP level 1. HP: 13/13 MP: 1/1
   292 | D:1      | Reached skill level 1 in Spellcasting
   292 | D:1      | Reached XP level 2. HP: 5/18 MP: 3/3
  1990 | D:2      | Reached XP level 3. HP: 24/24 MP: 4/4
  2032 | D:2      | Reached skill level 1 in Unarmed Combat
  2846 | D:2      | Reached XP level 4. HP: 20/29 MP: 6/6
  3157 | D:3      | Found a faded altar of an unknown god.
  3169 | D:3      | Reached XP level 5. HP: 34/35 MP: 6/8
  3624 | D:3      | Reached XP level 6. HP: 20/41 MP: 9/9
  3863 | D:3      | Found a white marble altar of Elyvilon.
  4061 | D:4      | Noticed Edmund
  4160 | D:4      | Noticed Blork the orc
  4241 | D:4      | Noticed Menkaure
  4253 | D:4      | Killed Menkaure
  4257 | D:4      | Killed Blork the orc
  4258 | D:4      | Reached skill level 5 in Unarmed Combat
  4258 | D:4      | Reached XP level 7. HP: 46/46 MP: 9/11
  4528 | D:4      | Found a sacrificial altar of Ru.
  4554 | D:4      | Found a shimmering blue altar of Sif Muna.
  4608 | D:4      | Found a bloodstained altar of Trog.
  4689 | D:5      | Entered Level 5 of the Dungeon
  4692 | D:5      | Noticed Eustachio
  4698 | D:5      | Killed Eustachio
  4902 | D:5      | Noticed Pikel
  4947 | D:5      | Killed Pikel
  4948 | D:5      | Reached XP level 8. HP: 13/54 MP: 11/13
  5251 | D:5      | Noticed Sigmund
  5289 | D:5      | Your ally Sigmund died
  6310 | D:5      | Found a staircase to the Ecumenical Temple.
  6328 | Temple   | Entered the Ecumenical Temple
  6378 | Temple   | Became a worshipper of Gozag Ym Sagoz the Greedy
  6501 | D:6      | Noticed Dowan
  6504 | D:6      | Noticed Duvessa
  6509 | D:6      | Killed Duvessa
  6510 | D:6      | Reached XP level 9. HP: 47/60 MP: 15/15
  6513 | D:6      | Killed Dowan
  6517 | D:6      | Reached skill level 5 in Fighting
  6640 | D:6      | Found a snail-covered altar of Cheibriados.
  6744 | D:6      | Learned a level 4 spell: Olgreb's Toxic Radiance
  6767 | D:6      | Found a burning altar of Makhleb.
  7033 | D:6      | Reached skill level 5 in Spellcasting
  7158 | D:6      | Reached skill level 1 in Poison Magic
  7593 | D:6      | HP: 2/61 [orc warrior/+0 hand axe (10)]
  9030 | D:7      | Identified the +2 ring mail of Jaseotat {rPois rCorr Dex-5}
  9550 | D:7      | Reached skill level 1 in Throwing
 10769 | D:7      | Found a sparkling altar of Nemelex Xobeh.
 10958 | D:8      | Reached XP level 10. HP: 36/69 MP: 19/19
 11123 | D:8      | Found a runed translucent door.
 11128 | D:8      | Found a basalt altar of Yredelemnul.
 11154 | D:8      | Found a runed translucent door.
 11154 | D:8      | Found a shimmering altar of Xom.
 11154 | D:8      | Noticed McKennaii's ghost (novice DgEE)
 11155 | D:8      | Noticed a +1 flail of chaos
 11204 | D:8      | Found an ornate altar of the Wu Jian Council.
 11204 | D:8      | Found a shadowy altar of Dithmenos.
 11545 | D:9      | Identified the +0 leather armour "Vucvack" {Str+4 Slay+2}
 11675 | D:9      | Reached skill level 5 in Poison Magic
 11781 | D:9      | Found Roacej's Magic Scroll Boutique.
 11790 | D:9      | Bought a scroll of fear for 64 gold pieces
 11879 | D:9      | Found a staircase to the Lair.
 12809 | D:9      | Learned a level 2 spell: Poisonous Vapours
 12832 | D:10     | Entered Level 10 of the Dungeon
 12871 | D:10     | Found a staircase to the Orcish Mines.
 13062 | D:10     | Found Kuexess's Weapon Boutique.
 13819 | D:10     | Found Orchim's Antique Weapon Shoppe.
 13892 | D:10     | Found Routs's Weapon Boutique.
 14021 | D:10     | Bought a crude glaive for 333 gold pieces
 14021 | D:10     | Identified the +3 glaive "Goblinslayer" {vamp, Str+3 Int+4}
                  | (You bought it in a shop on level 10 of the Dungeon)
 14021 | D:10     | Bought an ancient great sword for 333 gold pieces
 14021 | D:10     | Identified the +9 great sword of Roomn {vorpal, *Rage rElec
                  | Int-3 Dex+9} (You bought it in a shop on level 10 of the
                  | Dungeon)
 14094 | D:10     | Found Tueqoi Nexe's Weapon Shop.
 14172 | D:10     | Found Ulehof's Book Shop.
 14754 | D:11     | Noticed a cyan ugly thing
 14786 | D:11     | Noticed a five-headed hydra
 14852 | D:11     | Found a gate leading to a gauntlet.
 14860 | Gauntlet | Entered a Gauntlet
 14860 | Gauntlet | Found a transporter.
 14860 | Gauntlet | Found a transporter.
 14860 | Gauntlet | Found a transporter.
 14861 | Gauntlet | Noticed a worldbinder
 14875 | Gauntlet | Found a transporter.
 14875 | Gauntlet | Found a transporter.
 14883 | Gauntlet | Found a transporter.
 14886 | Gauntlet | Found a transporter.
 14888 | Gauntlet | Noticed a hell hog
 14905 | Gauntlet | Found a transporter.
 14914 | Gauntlet | Found a transporter.
 14914 | Gauntlet | Noticed a minotaur
 14928 | Gauntlet | Noticed a wretched star
 14934 | Gauntlet | Found a transporter.
 14935 | Gauntlet | Found a transporter.
 14936 | Gauntlet | Noticed an ice statue
 14946 | Gauntlet | Found a transporter.
 15229 | Gauntlet | Identified the ring "Waenan" {rPois Will+}
 15244 | Gauntlet | Slain by a minotaur

Illustrated notes

Levels and vault maps discovered:
D:1:      giann_bridges, layout_basic, serial_corexii_hall,
          corexii_hall_statues_i, corexii_hall_statues_l,
          chequers_hall_statues_corner_a, corexii_hall_statues_deadend,
          st_stairs_10
D:2:      layout_loops_ring, serial_forest, infiniplex_forest_corner_1,
          infiniplex_forest_clump_small, infiniplex_forest_lined_room_,
          infiniplex_forest_lined_2, infiniplex_forest_lined_corner,
          infiniplex_forest_straight_4, infiniplex_forest_end_1,
          infiniplex_forest_3_way, infiniplex_forest_clump_C
D:3:      layout_rooms, nicolae_overflow_hidden_temple, serial_undead,
          serial_undead_e, serial_undead_c, serial_undead_b, serial_undead_e,
          chequers_ecumenical_altar_simple
D:4:      layout_basic, kennysheep_mini, mainiacjoe_overflow_big_doors,
          uniq_blork_the_orc, uniq_edmund, uniq_menkaure
D:5:      minmay_angry_zag, layout_loops_cross,
          minmay_temple_entry_stoned_glass, ebering_dispersal_statue_hall,
          patterned_corridor, uniq_eustachio, uniq_sigmund, uniq_pikel
D:6:      layout_loops_corners, lemuel_round_altar, lemuel_crystal_altar,
          minivault_5, grunt_ministairs_14, uniq_duvessa
D:7:      corexii_shantytown, layout_layer_cave, nemelex_spade_bored_becter
D:8:      layout_rooms, dk_yredelemnul_ordeal, amethyst_overflow_temple_binary,
          ebering_ghost_xom
D:9:      layout_basic, lair_entry_dummy, serial_shops, shop, serial_rivers,
          chequers_serial_rivers_small_3, chequers_serial_rivers_small_b,
          chequers_serial_rivers_marsh, chequers_serial_rivers_small_3
D:10:     layout_irregular_city, hiddenorc2_lemuel, serial_shops,
          kennysheep_mini_moat, nicolae_shop_bloodbath_and_beyond,
          nicolae_shop_waterfront, nicolae_inconvenience_store,
          nicolae_stop_n_shop_1, minmay_nine_imps
D:11:     layout_roguey, gauntlet_entry_generic
Temple:   nicolae_temple_slightly_damp_pantheon
Gauntlet: minmay_gauntlet_mixed_big_or_small [gammafunk_gauntlet_arena_grid,
          minmay_gauntlet_arena_77_double_cross,
          gammafunk_gauntlet_arena_corners,
          minmay_gauntlet_arena_77_hold_the_fort,
          nicolae_gauntlet_arena_grate_2,
          minmay_gauntlet_arena_77_radiant_squares,
          dreamdust_gauntlet_exit_labyrinth]

Skill      XL: |  1  2  3  4  5  6  7  8  9 10 |
---------------+-------------------------------+-----
Spellcasting   | 1 2 3 4 6 8 |  8.0
Unarmed Combat | 1 2 3 5 7 8 |  8.9
Fighting       | 2 3 4 6 7 |  7.0
Poison Magic   | 4 8 |  8.2
Throwing       | 1 |  1.4
Dodging        | |  2.3
Stealth        | |  1.3
Evocations     | |  3.2

Action                   |  1- 3 |  4- 6 |  7- 9 | 10-12 || total
-------------------------+-------+-------+-------+-------++-------
Melee: Unarmed           |    99 |   129 |   318 |   122 ||   668
       Constrict         |    25 |    35 |    69 |    30 ||   159
       Tentacles         |    20 |    26 |    77 |    23 ||   146
       Punch             |     2 |     4 |    25 |    11 ||    42
Throw: Throwing net      |       |       |     4 |       ||     4
       Boomerang         |       |       |       |     1 ||     1
 Cast: Olgreb's Toxic Ra |       |       |     1 |    36 ||    37
Evoke: Wand              |     3 |    11 |    21 |     4 ||    39
  Use: Scroll            |       |       |    11 |    11 ||    22
       Potion            |       |       |       |     7 ||     7
 Stab: Sleeping          |     6 |     5 |     5 |     1 ||    17
       Distracted        |       |     1 |       |       ||     1
       Paralysed         |       |       |     9 |     4 ||    13
       Held in net/web   |       |       |     1 |       ||     1
Armor: Skin              |     8 |    36 |    65 |    26 ||   135
Dodge: Dodged            |    53 |    71 |   186 |    69 ||   379
